 Dungeon Sprint DCSS version 0.29.1-12-g30fa7ad0bf (webtiles) character file.

Game seed: 8884380894329912230

1964 boopmooplesden the Spear-Bearer (level 9, -3/96 HPs)
             Began as a Minotaur Berserker on Dec 21, 2022.
             Was a High Priest of Trog.
             Slain by a two-headed ogre
             ... wielding a +0 giant spiked club
              (26 damage)
             ... in the Dungeon (Sprint IX: "|||||||||||||||||||||||||||||").
             The game lasted 00:01:05 (276 turns).

boopmooplesden the Spear-Bearer (Minotaur Berserker) Turns: 276, Time: 00:01:06

Health: -3/96      AC: 11    Str: 28    XL:     9   Next: 0%
Magic:  8/8        EV: 14    Int:  7    God:    Trog [*****.]
Gold:   0          SH:  0    Dex: 11    Spells: 8/8 levels left

rFire   . . .      SeeInvis .   k - +2 halberd (venom)
rCold   . . .      Faith    .   (shield currently unavailable)
rNeg    . . .      Spirit   .   n - +2 ring mail
rPois   .          Reflect  .   (helmet restricted)
rElec   .          Harm     .   m - +0 cloak
rCorr   .          Rampage  .   l - +0 pair of gloves
Will    ++...      NoTele   +   (no boots)
Stlth   ++........              (no amulet)
HPRegen 1.26/turn               p - +3 ring of strength
MPRegen 0.11/turn               o - +3 ring of intelligence

@: strong-willed, on berserk cooldown, regenerating, slowed, very slow
A: horns 2, retaliatory headbutt
a: Renounce Religion, Berserk, Trog's Hand, Brothers in Arms


You were in the Dungeon.
You worshipped Trog.
Trog was extremely pleased with you.
You visited 1 branch

Inventory:

Hand Weapons
 a - a +0 spear
 k - a +2 halberd of venom (weapon)
Armour
 b - a +0 animal skin
 l - a +0 pair of gloves (worn)
 m - a +0 cloak (worn)
 n - a +2 ring mail (worn)
Jewellery
 o - a +3 ring of intelligence (right hand)
 p - a +3 ring of strength (left hand)
Wands
 j - a wand of acid (10)
Scrolls
 h - 2 scrolls of blinking
Potions
 c - 5 potions of curing
 d - a potion of heal wounds
 e - a potion of haste
 f - 4 potions of magic
 g - a potion of berserk rage
 i - a potion of invisibility


   Skills:
 + Level 14.3 Fighting
 + Level 14.8 Polearms
 + Level 8.4 Armour
 + Level 9.0 Dodging
 + Level 3.4 Stealth


You had 8 spell levels left.
You didn't know any spells.
Your spell library was empty.

Dungeon Overview and Level Annotations

Branches:
Dungeon (1/1)

Altars:
Cheibriados
Dithmenos
Elyvilon
Fedhas
Gozag
Hepliaklqana
Kikubaaqudgha
Makhleb
Nemelex Xobeh
Okawaru
Qazlal
Ru
Sif Muna
Trog
Uskayaw
Vehumet
Wu Jian
Xom
Yredelemnul
Zin
The Shining One
Jiyva
Lugonu


Innate Abilities, Weirdness & Mutations

You have a pair of horns on your head.
You reflexively headbutt those who attack you in melee.


Message History

The troll misses you.
You closely miss the troll. You headbutt the troll.
You kill the troll!
Trog accepts your kill. The meliai hits you but does no damage.
The meliai misses you. The meliai closely misses you. The meliai misses you.
Your Polearms skill increases to level 14!
You slash the meliai!
The meliai looks as sick as possible!
The meliai is heavily wounded.
The meliai barely misses you. You furiously retaliate!
You headbutt the meliai.
You kill the meliai!
Trog accepts your kill.
The howler monkey hoots and howls with incredible vigour!
Your Fighting skill increases to level 14!
Your Armour skill increases to level 8!
You impale the howler monkey!!
You kill the howler monkey!
Trog accepts your kill. The wraith hits you!
* * * LOW HITPOINT WARNING * * *
The wraith hits you!
* * * LOW HITPOINT WARNING * * *
Things that are here:
a howler monkey corpse; a shapeshifter corpse; a troll corpse You puncture the wraith!
You headbutt the wraith!
The wraith is severely damaged.
The wraith barely misses you.
You impale the wraith!!
You destroy the wraith!
Trog accepts your kill.
Your Dodging skill increases to level 9!
You have reached level 9!
Your experience leads to an increase in your attributes!
Your base attributes are Str 23, Int 4, Dex 11.
Increase (S)trength, (I)ntelligence, or (D)exterity?
You feel stronger. x2
You slice the two-headed ogre!!
The two-headed ogre is poisoned.
The two-headed ogre is heavily wounded.
The two-headed ogre hits you with a +0 giant spiked club!!
You die... ▓▓▓▓▓▓▓▓▓▓▓▓▓▓▓▓▓▓▓▓▓▓▓▓▓ _'.?)......†))†.@O'...... ▓▓▓▓▓▓▓▓▓▓▓▓▓▓▓▓▓▓▓▓▓▓▓▓▓

You could see a two-headed ogre (very poisoned).

Vanquished Creatures
  A boulder beetle (D)
  A troll (D)
  A meliai (shapeshifter) (D)
  2 wraiths (D)
  2 yaks (D)
  An orc warrior (D)
  An ice beast (D)
  A scorpion (D)
  A howler monkey (D)
  2 orc wizards (D)
  An adder (D)
  An ufetubus (D)
  An orc (D)
  2 bats (D)
  A kobold (D)
  2 rats (D)
21 creatures vanquished.

Notes
Turn   | Place    | Note
-------+----------+-------------------------------------------
     0 | D        | boopmooplesden the Minotaur Berserker began the quest for
                  | the Orb.
     0 | D        | Reached XP level 1. HP: 19/19 MP: 0/0
    13 | D        | Reached ** piety under Trog
    22 | D        | Noticed an ice beast
    22 | D        | Noticed a scorpion
    30 | D        | Killed an ice beast
    31 | D        | Reached skill level 1 in Stealth
    31 | D        | Reached XP level 2. HP: 28/34 MP: 1/1
    31 | D        | Reached XP level 3. HP: 32/39 MP: 2/2
    31 | D        | Reached XP level 4. HP: 39/47 MP: 3/3
    35 | D        | Killed a scorpion
    35 | D        | Reached *** piety under Trog
    36 | D        | Reached XP level 5. HP: 43/53 MP: 4/4
    65 | D        | Found a snail-covered altar of Cheibriados.
    65 | D        | Found a shadowy altar of Dithmenos.
    65 | D        | Found a white marble altar of Elyvilon.
    65 | D        | Found a blossoming altar of Fedhas.
    65 | D        | Found an opulent altar of Gozag.
    66 | D        | Found a hazy altar of Hepliaklqana.
    67 | D        | Found a viscous altar of Jiyva.
    68 | D        | Found an ancient bone altar of Kikubaaqudgha.
    69 | D        | Found a corrupted altar of Lugonu.
    70 | D        | Found a burning altar of Makhleb.
    71 | D        | Found a sparkling altar of Nemelex Xobeh.
    72 | D        | Found an iron altar of Okawaru.
    73 | D        | Found a stormy altar of Qazlal.
    74 | D        | Found a sacrificial altar of Ru.
    75 | D        | Found a shimmering blue altar of Sif Muna.
    76 | D        | Found a bloodstained altar of Trog.
    77 | D        | Found a hide-covered altar of Uskayaw.
    78 | D        | Found a radiant altar of Vehumet.
    79 | D        | Found an ornate altar of the Wu Jian Council.
    80 | D        | Found a shimmering altar of Xom.
    81 | D        | Found a basalt altar of Yredelemnul.
    82 | D        | Found a glowing silver altar of Zin.
    83 | D        | Found a glowing golden altar of the Shining One.
   231 | D        | Noticed a yak
   231 | D        | Noticed a yak
   231 | D        | Noticed an orc warrior
   231 | D        | Noticed a wraith
   235 | D        | Killed a yak
   236 | D        | Reached skill level 10 in Polearms
   236 | D        | Reached skill level 5 in Armour
   236 | D        | Reached skill level 5 in Dodging
   236 | D        | Reached XP level 6. HP: 66/66 MP: 5/5
   237 | D        | Killed a yak
   237 | D        | Reached **** piety under Trog
   238 | D        | Reached skill level 10 in Fighting
   240 | D        | Killed an orc warrior
   241 | D        | Reached XP level 7. HP: 74/74 MP: 6/6
   247 | D        | Reached ***** piety under Trog
   249 | D        | Killed a wraith
   255 | D        | Noticed a boulder beetle
   255 | D        | Noticed a troll
   255 | D        | Noticed a komodo dragon
   255 | D        | Noticed a wraith
   255 | D        | Noticed a two-headed ogre
   255 | D        | Noticed a polar bear
   255 | D        | a komodo dragon changed into a polar bear
   258 | D        | Noticed a yak
   258 | D        | a polar bear changed into a yak
   259 | D        | Noticed a meliai
   259 | D        | a yak changed into a meliai
   263 | D        | Killed a boulder beetle
   264 | D        | Reached XP level 8. HP: 12/86 MP: 7/7
   270 | D        | Killed a troll
   271 | D        | Killed a meliai
   276 | D        | Reached XP level 9. HP: 22/96 MP: 8/8
   276 | D        | Slain by a two-headed ogre

Illustrated notes

Levels and vault maps discovered:
D:        linesprint [early_d, line_temple, items_1, d_10, items_2, lair_1,
          lair_end, items_3, orc_1, orc_end, items_4, d_15, swamp_1, shoals_1,
          snake_1, spider_1, d_20, vaults_1, items_5, swamp_end, shoals_end,
          snake_end, spider_end, vaults_end, d_27, items_6, zot_1, zot_end,
          crypt_end, forest_end, elf_end, slime_end, tomb_end, abyss_end,
          pan_hell_end]

Skill      XL: |  1  2  3  4  5  6  7  8 |
---------------+-------------------------+-----
Fighting       | 7 8 9 11 13 14 | 14.3
Polearms       | 7 8 10 11 13 14 | 14.8
Armour         | 4 5 6 7 8 |  8.4
Dodging        | 4 5 6 8 9 |  9.0
Stealth        | 1 2 3 |  3.4

Action                   |  1- 3 |  4- 6 |  7- 9 || total
-------------------------+-------+-------+-------++-------
Melee: Spear             |    19 |    13 |       ||    32
       Headbutt          |     3 |     6 |     5 ||    14
       Halberd           |       |     7 |    23 ||    30
       Punch             |       |     1 |       ||     1
Invok: Berserk           |     1 |     1 |       ||     2
       Trog's Hand       |       |     1 |     1 ||     2
  Use: Potion            |       |       |     2 ||     2
 Stab: Sleeping          |     1 |       |       ||     1
Armor: Animal skin       |     4 |     1 |       ||     5
       Ring mail         |       |     2 |    11 ||    13
Dodge: Dodged            |     8 |     3 |    22 ||    33
